 Dungeon Crawl Stone Soup version 0.27-a0-1612-gde56a17b89 (webtiles) character file.

Game seed: 13580908101586252474

3395 bande the Chopper (level 10, -14/60 HPs)
             Began as a Gargoyle Fighter on July 21, 2021.
             Was a Believer of Okawaru.
             Demolished by an ogre (16 damage)
             ... on level 7 of the Dungeon on July 22, 2021.
             The game lasted 00:15:45 (9054 turns).

bande the Chopper (Gargoyle Fighter)                Turns: 9054, Time: 00:15:46

Health: -14/60     AC: 15    Str: 23    XL:     10   Next: 4%
Magic:  12/12      EV:  9    Int:  8    God:    Okawaru [**....]
Gold:   316        SH: 11    Dex: 10    Spells: 9/9 levels left

rFire    . . .     SeeInvis .   q - +4 hand axe
rCold    . . .     Faith    .   c - +0 kite shield
rNeg     + . .     Spirit   .   b - +0 scale mail
rPois    ∞         Reflect  .   (no helmet)
rElec    +         Harm     .   (no cloak)
rCorr    .         Rampage  .   (no gloves)
Will     .....                  (no boots)
Stlth    ..........             (no amulet)
HPRegen  0.20/turn              (no ring)
MPRegen  0.13/turn              (no ring)

@: no status effects
A: sickness immunity, AC +7, negative energy resistance 1, electricity
resistance, torment resistance 1, petrification resistance
a: Renounce Religion, Heroism


You were on level 7 of the Dungeon.
You worshipped Okawaru.
Okawaru was pleased with you.
You visited 2 branches of the dungeon, and saw 8 of its levels.

You collected 316 gold pieces.

Inventory:

Hand Weapons
 a - a +0 war axe
 d - a +0 flail
 q - a +4 hand axe (weapon)
Armour
 b - a +0 scale mail (worn)
 c - a +0 kite shield (worn)
 n - a +0 cloak
Jewellery
 k - a +6 ring of intelligence
Wands
 l - a wand of charming (2)
 r - a wand of iceblast (15)
Scrolls
 e - a scroll of identify
 i - a scroll of amnesia {unknown}
 j - a scroll of enchant weapon {unknown}
 p - a scroll of enchant armour {unknown}
Potions
 f - 2 potions of brilliance
 g - 2 potions of curing
 h - 2 potions of resistance
 m - a potion of flight {unknown}
 o - a potion of haste {unknown}


   Skills:
 + Level 6.2 Fighting
 + Level 7.8 Axes
 + Level 6.9 Armour
 + Level 3.1 Dodging
 + Level 7.6 Shields
 * Level 3.7 Invocations
 * Level 0.1 Evocations


You had 9 spell levels left.
You didn't know any spells.
Your spell library was empty.

Dungeon Overview and Level Annotations

Branches:
Dungeon (7/15)             Temple (1/1) D:5

Altars:
Cheibriados
Elyvilon
Gozag
Hepliaklqana
Okawaru
Ru
Trog
Yredelemnul
Zin
The Shining One
Jiyva

Shops:
D:1 *   D:5 [*

Annotations:
D:6 3 runed translucent doors, Nausicaa's ghost, novice TrMo


Innate Abilities, Weirdness & Mutations

You are immune to sickness and miasma.
Your stone body is resilient. (AC +7)
You are immune to poison.
You resist negative energy. (rN+)
You are resistant to electric shocks. (rElec)
You are resistant to unholy torment.
You are immune to petrification.


Message History

There is an open door here.
You now have 316 gold pieces (gained 16).
You open the door.
An ogre comes into view. It is wielding a +0 giant club.
The ogre shouts!
A centaur comes into view.
There is an open door here.
The centaur shouts!
You slash the ogre!
The ogre is moderately wounded.
The ogre hits you with a +0 giant club!!
You hit the ogre.
The ogre is moderately wounded.
The ogre hits you with a +0 giant club!!
You are too injured to fight recklessly!
You are too injured to fight recklessly!
You are too injured to fight recklessly!
You are too injured to fight recklessly!
You are too injured to fight recklessly!
You are too injured to fight recklessly!
You are too injured to fight recklessly!
You are too injured to fight recklessly!
You are too injured to fight recklessly!
Unknown command.
You hit the ogre but do no damage.
The ogre is moderately wounded.
The centaur wields a +0 shortbow.
The centaur shoots an arrow.
You block the arrow. The ogre hits you but does no damage.
The centaur shoots an arrow.
The arrow hits you.
* * * LOW HITPOINT WARNING * * *
You hit the ogre.
The ogre is heavily wounded.
The centaur shoots an arrow.
You block the arrow. The ogre hits you with a +0 giant club!
* * * LOW HITPOINT WARNING * * *
You hit the ogre.
The ogre is severely wounded.
The centaur shoots an arrow.
You block the arrow.
The centaur shoots an arrow.
The arrow barely misses you. The ogre hits you with a +0 giant club!
You die...

.....)'.#
..............######†#
..............# #.###
..............# #.'..
.......c......# ##.###
..............# #..#
..............# #..#
......O.......# ###[.#
######@#.#+#.###....#
+..............'....#
#####..###.#####....###
###..# #.#####.......
#....###.....'.......
#.#.....######)....##
................).......
...#....##.######.######
##.###.###.# #.#


You could see an ogre and a centaur.

Vanquished Creatures
  A two-headed ogre (D:6)
  Eustachio (D:4)
  A steam dragon (D:5)
  3 water moccasins
  A black bear (D:5)
  3 sky beasts (D:6)
  3 ogres (D:4)
  2 ice beasts
  A necrophage (D:5)
  A centaur (D:4)
  2 phantoms
  Blork the orc (D:5)
  A kobold brigand (D:7)
  A bullfrog (D:6)
  2 scorpions (D:5)
  A water moccasin skeleton (D:5)
  4 wights
  3 hounds
  A jelly (D:6)
  Crazy Yiuf (D:5)
  A centaur zombie (D:6)
  2 bullfrog skeletons (D:5)
  2 iguanas
  An orc wizard (D:5)
  A gnoll (D:6)
  12 adders
  A white imp (D:6)
  An ufetubus (D:5)
  An adder skeleton (D:4)
  3 worms
  A dart slug (D:2)
  11 orcs
  5 bats
  6 endoplasms
  4 giant cockroaches
  7 hobgoblins
  3 jackals (D:3)
  11 kobolds
  4 quokkas
  11 ball pythons
  5 frilled lizards
  8 goblins
  7 rats
142 creatures vanquished.

Vanquished Creatures (others)
  A wizard (D:4)
  10 plants
  A withered plant (D:1)
12 creatures vanquished.

Grand Total: 154 creatures vanquished

Notes
Turn   | Place    | Note
-------+----------+-------------------------------------------
     0 | D:1      | bande the Gargoyle Fighter began the quest for the Orb.
     0 | D:1      | Reached XP level 1. HP: 14/14 MP: 1/1
   154 | D:1      | Reached XP level 2. HP: 4/19 MP: 2/2
   781 | D:1      | Found Xidduf's General Store.
   951 | D:1      | Found a faded altar of an unknown god.
   998 | D:1      | Reached XP level 3. HP: 23/23 MP: 3/3
  1526 | D:2      | Reached XP level 4. HP: 24/28 MP: 4/4
  1844 | D:2      | You fall into a shaft and drop 2 floors!
  1886 | D:4      | Found a bloodstained altar of Trog.
  1889 | D:4      | Noticed a wizard
  1894 | D:4      | Killed a wizard
  2043 | D:4      | Noticed a phantom
  2063 | D:4      | Killed a phantom
  2064 | D:4      | Reached XP level 5. HP: 14/33 MP: 5/5
  3199 | D:3      | Reached skill level 1 in Dodging
  3199 | D:3      | Reached XP level 6. HP: 35/38 MP: 6/6
  3538 | D:4      | Found a basalt altar of Yredelemnul.
  3736 | D:4      | Noticed Eustachio
  3785 | D:4      | Killed Eustachio
  3786 | D:4      | Reached skill level 5 in Shields
  3786 | D:4      | Reached XP level 7. HP: 9/43 MP: 7/7
  4578 | D:4      | Reached skill level 5 in Axes
  4841 | D:5      | Entered Level 5 of the Dungeon
  4973 | D:5      | Reached skill level 5 in Armour
  4973 | D:5      | Reached XP level 8. HP: 35/48 MP: 8/8
  5212 | D:5      | Noticed Blork the orc
  5229 | D:5      | Found Doomow's Armour Shop.
  5478 | D:5      | Reached skill level 5 in Fighting
  5919 | D:5      | Found a staircase to the Ecumenical Temple.
  5940 | D:5      | Killed Blork the orc
  5948 | Temple   | Entered the Ecumenical Temple
  5964 | Temple   | Became a worshipper of Warmaster Okawaru
  6150 | D:5      | Found Neluh's Serpentskin Sales.
  6169 | D:5      | Reached XP level 9. HP: 49/54 MP: 9/9
  6336 | D:5      | Found a snail-covered altar of Cheibriados.
  6590 | D:5      | Found a runed translucent door.
  6591 | D:5      | Noticed Crazy Yiuf
  6784 | D:5      | Killed Crazy Yiuf
  7031 | D:6      | Reached skill level 1 in Invocations
  7077 | D:6      | Found a runed translucent gate.
  7077 | D:6      | Found a runed translucent gate.
  7078 | D:6      | Found a runed translucent gate.
  7081 | D:6      | Noticed a purple ugly thing
  7081 | D:6      | Noticed Nausicaa's ghost (novice TrMo)
  7125 | D:6      | Reached * piety under Okawaru
  7585 | D:6      | Noticed a two-headed ogre
  7597 | D:6      | Killed a two-headed ogre
  7962 | D:5      | Reached ** piety under Okawaru
  8825 | D:7      | Reached XP level 10. HP: 48/60 MP: 12/12
  9053 | D:7      | HP: 2/60 [ogre (16)]
  9054 | D:7      | Demolished by an ogre

Illustrated notes

Levels and vault maps discovered:
D:1:      matt_arrival_debris, layout_basic, serial_shops, nicolae_shop_stone,
          shapermc_ecumenical_altar_flowoftime
D:2:      layout_rooms, corexii_item_surrounded_by_moat
D:3:      minmay_diamond_boxcup, layout_basic, minivault_14,
          serial_bayou_lagoon_a
D:4:      layout_loops_corners, trog_wizard, mainiacjoe_overflow_paths,
          roderic_serpentine_path, st_stairs_11, uniq_eustachio
D:5:      layout_loops_ring, mainiacjoe_overflow_alcove_4,
          minmay_temple_entry_statues_fountains, serial_glass, glass_columns_b,
          glass_columns_c, serial_shops, shop_statue, guppyfry_shop_venom,
          uniq_blork_the_orc, uniq_crazy_yiuf_cottage
D:6:      layout_basic, gammafunk_ghost_split
D:7:      layout_basic, grunt_qazlal_sundering, old_standard_altar,
          minmay_door_square, chequers_decorated_corner, grunt_tough_drop,
          uniq_duvessa
Temple:   pf_slimified_temple

Skill      XL: |  1  2  3  4  5  6  7  8  9 |
---------------+----------------------------+-----
Axes           | 2 3 4 5 6 7 |  7.8
Shields        | 4 5 6 7 |  7.6
Armour         | 4 5 6 |  6.9
Dodging        | 1 2 3 |  3.1
Fighting       | 4 5 6 |  6.2
Invocations    | 3 |  3.7
Evocations     | |  0.1

Action                   |  1- 3 |  4- 6 |  7- 9 | 10-12 || total
-------------------------+-------+-------+-------+-------++-------
Melee: War axe           |   120 |   227 |   305 |       ||   652
       Hand axe          |       |       |    59 |    15 ||    74
  Use: Scroll            |     2 |     2 |     3 |       ||     7
       Potion            |       |     2 |       |       ||     2
Armor: Scale mail        |    67 |   139 |   202 |     4 ||   412
Dodge: Dodged            |    37 |    82 |   128 |     3 ||   250
Block: Kite shield       |    80 |   157 |   214 |     6 ||   457

Table legend: (Time is in decaauts)
 A = Elapsed time spent in this place.
 B = Non-inter-level travel time spent in this place.
 C = Inter-level travel time spent in this place.
 D = Time resting spent in this place.
 E = Time spent auto-exploring this place.
 F = Levels seen in this place.
 G = Mean time per level.
                   A        B        C        D        E       F      G
               +--------+--------+--------+--------+--------+-----+--------+
         Total |   9388 |   9318 |     70 |   2517 |   4476 |   8 | 1173.5 |
       Dungeon |   9298 |   9228 |     70 |   2460 |   4476 |   7 | 1328.3 |
        Temple |     89 |     89 |      0 |     57 |      0 |   1 |   89.0 |
               +--------+--------+--------+--------+--------+-----+--------+

Top non-repeatable levels by time:
     D:4: 2239 daAuts
     D:5: 2236 daAuts
     D:6: 1599 daAuts
     D:1: 1434 daAuts
     D:2: 805 daAuts
     D:3: 725 daAuts
     D:7: 256 daAuts
  Temple: 89 daAuts
